 Dungeon Crawl Stone Soup version 0.28.0-47-ge53b351184 (webtiles) character file.

Game seed: 10316858459668683085

23 sanboga the Skirmisher (level 3, -5/23 HPs)
             Began as a Gargoyle Fighter on Apr 27, 2022.
             Slain by Terence
             ... wielding a +4 antimagic hand axe
              (7 damage)
             ... on level 2 of the Dungeon.
             The game lasted 00:01:05 (714 turns).

sanboga the Skirmisher (Gargoyle Fighter)            Turns: 714, Time: 00:01:05

Health: -5/23      AC:  0    Str: 21    XL:     3   Next: 0%
Magic:  0/3        EV: 13    Int:  8    God:
Gold:   18         SH:  0    Dex:  9    Spells: 2/2 levels left

rFire   . . .      SeeInvis .   (weapon currently unavailable)
rCold   . . .      Faith    .   (shield currently unavailable)
rNeg    + . .      Spirit   .   (armour currently unavailable)
rPois   ∞          Reflect  .   (helmet currently unavailable)
rElec   .          Harm     .   (cloak currently unavailable)
rCorr   .          Rampage  .   (gloves currently unavailable)
Will    .....                   (boots currently unavailable)
Stlth   +.........              (no amulet)
HPRegen 0.07/turn               (ring currently unavailable)
MPRegen 0.08/turn               (ring currently unavailable)

@: pig-form, very quick
A: fast, no casting, sickness immunity, AC +3, small, negative energy resistance
1, (electricity resistance), torment resistance 1, petrification resistance
a: no special abilities


You were on level 2 of the Dungeon.
You were a filthy swine.
You visited 1 branch of the dungeon, and saw 2 of its levels.

You collected 18 gold pieces.

Inventory:

Hand Weapons
 a - a +0 war axe (melded)
Armour
 b - a +0 scale mail (melded)
 c - a +0 buckler
 f - an orb of wrath (melded)
Scrolls
 g - a scroll of fog {unknown}
Potions
 d - a potion of might
 e - a potion of curing {unknown}
 h - a potion of mutation {unknown}
 i - a potion of brilliance {unknown}
 j - a potion of attraction {unknown}


   Skills:
 + Level 3.5 Fighting
 * Level 2.3 Axes
 + Level 3.5 Armour
 + Level 3.5 Shields


You had 2 spell levels left.
You didn't know any spells.
Your spell library was empty.

Dungeon Overview and Level Annotations

Branches:
Dungeon (1/15)

Altars:

Annotations:
D:2 Terence


Innate Abilities, Weirdness & Mutations

You are a filthy swine.
You move quickly.
Your equipment is almost entirely melded.
You are incapable of wielding weapons or throwing items.
You cannot cast spells.
You are immune to sickness and miasma.
((Your stone body is resilient. (AC +3)))
You are immune to poison.
You resist negative energy. (rN+)
((You are resistant to electric shocks. (rElec)))
You are resistant to unholy torment.
You are immune to petrification.


Message History

You hit the kobold.
The kobold is moderately wounded.
The kobold barely misses you. The kobold misses you.
You hit the kobold.
You kill the kobold!
You have reached level 3!
Your experience leads to an increase in your attributes!
Increase (S)trength, (I)ntelligence, or (D)exterity?
You feel stronger. x2
Things that are here:
a +0 dagger; a kobold corpse
Things that are here:
a +0 dagger; a kobold corpse
There is an open door here.
A sourceless malevolence fills the Dungeon...
You fall into a shaft and drop 1 floor!
The shaft crumbles and collapses.
No target in view!
Terence the Incautious comes into view.
He is wielding a +4 antimagic hand axe and carrying a wand of polymorph (11).
Terence is nearby!
Terence is nearby!
Terence hits you with a +4 antimagic hand axe!
You feel your power leaking away.
You slash Terence!
Terence is moderately wounded.
Terence closely misses you.
You closely miss Terence.
Terence is moderately wounded.
Terence hits you with a +4 antimagic hand axe!
You hit Terence.
Terence is heavily wounded.
Terence zaps a wand.
You turn into a filthy swine.
Your +0 war axe melds into your body.
Your orb of wrath melds into your body.
Your +0 scale mail melds into your body.
Terence hits you with a +4 antimagic hand axe!
* * * LOW HITPOINT WARNING * * *
You hit Terence.
Terence is heavily wounded.
Terence hits you with a +4 antimagic hand axe!
You die...

## ###
.. ..#
#.##.#
.....
#...####
#......
#.#@.##
#..h..#
#...###
#...#
#...###
#.....#
#.....#
#.....#
#.....#
#.....#


You could see Terence.

Vanquished Creatures
  A dart slug (D:1)
  3 ball pythons (D:1)
  An endoplasm (D:1)
  2 giant cockroaches (D:1)
  A goblin (D:1)
  3 hobgoblins (D:1)
  A quokka (D:1)
  2 bats (D:1)
  2 frilled lizards (D:1)
  A kobold (D:1)
  4 rats (D:1)
21 creatures vanquished.

Notes
Turn   | Place    | Note
-------+----------+-------------------------------------------
     0 | D:1      | sanboga the Gargoyle Fighter began the quest for the Orb.
     0 | D:1      | Reached XP level 1. HP: 14/14 MP: 1/1
   155 | D:1      | Reached XP level 2. HP: 18/19 MP: 2/2
   675 | D:1      | Reached XP level 3. HP: 23/23 MP: 3/3
   705 | D:1      | You fall into a shaft and drop 1 floor!
   707 | D:2      | Noticed Terence
   714 | D:2      | Slain by Terence

Illustrated notes

Levels and vault maps discovered:
D:1:      eino_arrival_cavern_d, layout_basic,
          dreamdust_ecumenical_altar_hidden_monk_grotto, minmay_heptomino_h4
D:2:      kennysheep_six_static_rooms, layout_basic, basic_altar, minmay_puff,
          uniq_terence, uniq_robin

Skill      XL: |  1 |
---------------+----+-----
Axes           | 2 |  2.3
Fighting       | |  3.5
Armour         | |  3.5
Shields        | |  3.5

Action                   || total
-------------------------++-------
Melee: War axe           ||    47
       Unarmed           ||     1
Armor: Scale mail        ||    27
Dodge: Dodged            ||    27
Block: Buckler           ||     1
